 Dungeon Crawl Stone Soup version 0.31.0-11-ge490571c62 (webtiles) character file.

Game seed: 10048282220183527332

538 qw the Shooter (level 7, 0/35 HPs)
             Began as a Spriggan Hunter on Feb 4, 2024.
             Slain by a gnoll sergeant
             ... wielding a +3 vampiric spear
              (16 damage)
             ... on level 5 of the Dungeon.
             The game lasted 00:00:12 (3352 turns).

qw the Shooter (Spriggan Hunter)                    Turns: 3352, Time: 00:00:12

Health: 0/35       AC:  2    Str:  7    XL:     7   Next: 5%
Magic:  8/8        EV: 22    Int: 10    God:
Gold:   243        SH:  0    Dex: 21    Spells: 6/6 levels left

rFire   . . .        d - +0 arbalest
rCold   . . .        (shield currently unavailable)
rNeg    . . .        c - +0 robe
rPois   +            (helmet restricted)
rElec   .            (no cloak)
rCorr   .            (gloves unavailable)
SInv    +            (boots unavailable)
Will    +....        (no amulet)
Stlth   ++           e - ring of poison resistance
HPRegen 0.25/turn    (no ring)
MPRegen 0.11/turn

%: no passive effects
@: very quick
A: very small, no large weapons, unfitting armour, see invisible, speed 3
a: no special abilities


You were on level 5 of the Dungeon.
You visited 1 branch of the dungeon, and saw 5 of its levels.

You collected 243 gold pieces.


Innate Abilities, Weirdness & Mutations

You are very small and have problems with some larger weapons.
You are too small for most types of armour.
You have supernaturally acute eyesight. (SInv)
You cover ground extremely quickly. (Speed+++)


   Skills:
 - Level 2.0 Fighting
 - Level 7.0 Ranged Weapons
 + Level 6.4 Dodging
 - Level 1.5 Stealth


You had 6 spell levels left.
You didn't know any spells.
Your spell library was empty.

Inventory:

Hand Weapons
 d - a +0 arbalest (weapon)
Armour
 c - a +0 robe (worn)
Jewellery
 e - a ring of poison resistance (left hand)
Wands
 i - a wand of flame (11)
Scrolls
 f - 2 scrolls of identify
 g - a scroll of teleportation {unknown}
Potions
 a - a potion of heal wounds
 b - a potion of degeneration {unknown}
 h - 5 potions of curing

Dungeon Overview and Level Annotations

Branches:
Dungeon (5/15)
 Temple: D:4-7

Altars:
Ashenzari
Hepliaklqana
Sif Muna
Trog
Yredelemnul
Zin

Shops:
D:1 *

Annotations:
D:4 1 runed translucent door, Crazy Yiuf


Message History

The white imp completely misses you.
You shoot a bolt. The bolt hits the white imp.
The white imp is heavily wounded.
The white imp gestures at you. The puff of frost hits you!
The white imp gestures at you. The puff of frost misses you.
You shoot a bolt. The bolt hits the white imp!
You kill the white imp!
You start resting.
A gnoll sergeant comes into view. It is wielding a +3 vampiric spear.
You shoot a bolt. The gnoll sergeant blocks the bolt.
The gnoll sergeant shouts!
You hear a shout!
You shoot a bolt.
The bolt barely misses the gnoll sergeant.
A gnoll comes into view. It is wielding a +0 whip.
You shoot a bolt.
The bolt hits the gnoll sergeant but does no damage.
You shoot a bolt.
The bolt hits the gnoll sergeant but does no damage.
The gnoll sergeant completely misses you.
You shoot a bolt.
The bolt hits the gnoll sergeant but does no damage.
The gnoll sergeant completely misses you.
You shoot a bolt.
The bolt barely misses the gnoll sergeant.
The gnoll sergeant barely misses you.
The gnoll sergeant completely misses you.
A gnoll comes into view. It is wielding a +0 flail.
You shoot a bolt.
The bolt hits the gnoll sergeant but does no damage.
The gnoll sergeant hits you from afar with a +3 vampiric spear.
You shoot a bolt.
The bolt closely misses the gnoll sergeant.
The gnoll sergeant misses you. x2
You shoot a bolt.
The bolt barely misses the gnoll sergeant.
The gnoll sergeant hits you from afar with a +3 vampiric spear!
You die...

## # #.
###..#####
.........##
#....##...######
#...).)@...)...#
.....##...####.#
...# ##g## #.#
.> #g#####.####
#g.........# #.#
#..........# #.#
...........# #.#
...........# #.#
...........# #.#


You could see a gnoll sergeant and 2 gnolls.

Vanquished Creatures
  2 phantoms
  A scorpion (D:4)
  2 jellies (D:5)
  An iguana (D:5)
  A sleepcap (D:4)
  7 gnolls
  3 adders
  A white imp (D:5)
  2 ufetubi (D:5)
  2 dart slugs (D:1)
  2 ribbon worms (D:3)
  8 orcs
  6 endoplasms
  5 giant cockroaches
  6 goblins
  4 hobgoblins
  5 jackals (D:1)
  5 quokkas
  7 ball pythons
  6 bats
  4 frilled lizards
  8 kobolds
  3 rats
91 creatures vanquished.

Notes
Turn   | Place    | Note
-------+----------+-------------------------------------------
     0 | D:1      | qw the Spriggan Hunter began the quest for the Orb.
     0 | D:1      | Reached XP level 1. HP: 10/10 MP: 2/2
     0 | D:1      | 0 ||| qw: Version: 0.3-a-160-g6735b56
     0 | D:1      | 0 ||| qw: Game counter: 4442
     0 | D:1      | 0 ||| qw: Melee chars always use a shield: true
     0 | D:1      | 0 ||| qw: God list: Okawaru
     0 | D:1      | 0 ||| qw: Allow faded altars: false
     0 | D:1      | 0 ||| qw: Do Orc after clearing Dungeon:15 true
     0 | D:1      | 0 ||| qw: Do second Lair branch before Depths: true
     0 | D:1      | 0 ||| qw: Lair rune preference: random
     0 | D:1      | 0 ||| qw: Goals: Normal
     0 | D:1      | 0 ||| PLANNING D:1-11
    26 | D:1      | Reached skill level 3 in Dodging
   116 | D:1      | Reached XP level 2. HP: 14/14 MP: 3/3
   311 | D:1      | Reached XP level 3. HP: 18/18 MP: 4/4
   420 | D:1      | Found Eluelur's Assorted Antiques.
   424 | D:1      | 424 ||| SHOPLISTING bubbling coppery potion (28 gold, have
                  | 20).
   424 | D:1      | 424 ||| SHOPLISTING scroll labelled SEITAROYHA (32 gold,
                  | have 20).
   424 | D:1      | 424 ||| SHOPLISTING tapered glass wand (128 gold, have 20).
   661 | D:1      | 661 ||| READING 3 scrolls labelled PEHOGY VAME.
   661 | D:1      | 661 ||| IDENTIFYING bubbling emerald potion
   662 | D:1      | 662 ||| READING 2 scrolls of identify.
   662 | D:1      | 662 ||| IDENTIFYING amethyst potion
   663 | D:1      | 663 ||| READING scroll of identify.
   663 | D:1      | 663 ||| IDENTIFYING 3 clear potions
   664 | D:1      | 664 ||| READING scroll labelled XERAIF PUANG.
   665 | D:1      | 665 ||| READING 2 scrolls labelled RIONE DEURCHUE.
   665 | D:1      | 665 ||| ENCHANTING +0 shortbow.
   666 | D:1      | 666 ||| READING scroll of enchant weapon.
   666 | D:1      | 666 ||| ENCHANTING +1 shortbow.
   667 | D:1      | 667 ||| READING scroll labelled RYNLIO IFOGUA.
   668 | D:1      | 668 ||| DROPPING scroll of butterflies.
   669 | D:1      | 669 ||| DROPPING potion of ambrosia.
   859 | D:2      | Found a faded altar of an unknown god.
  1286 | D:2      | 1286 ||| UPGRADING to ring of poison resistance.
  1287 | D:2      | 1287 ||| READING scroll of identify.
  1287 | D:2      | 1287 ||| IDENTIFYING scroll labelled CALAUFIUDEEMA
  1288 | D:2      | 1288 ||| READING scroll labelled WENWO LEINGE.
  1288 | D:2      | 1288 ||| BRANDING +2 shortbow.
  1289 | D:2      | 1289 ||| DROPPING scroll of vulnerability.
  1333 | D:3      | 1333 ||| STAIRDANCE
  1348 | D:3      | 1348 ||| STAIRDANCE
  1351 | D:2      | Reached skill level 5 in Ranged Weapons
  1351 | D:2      | Reached XP level 4. HP: 22/22 MP: 5/5
  1353 | D:3      | 1353 ||| STAIRDANCE
  1355 | D:2      | HP: 2/22 [gnoll/+0 flail (4)]
  1539 | D:3      | Found a glowing silver altar of Zin.
  1540 | D:3      | Found a shimmering blue altar of Sif Muna.
  1540 | D:3      | Found a basalt altar of Yredelemnul.
  1569 | D:3      | Found a bloodstained altar of Trog.
  2063 | D:3      | Found a hazy altar of Hepliaklqana.
  2118 | D:3      | 2118 ||| SWAPPING to +0 arbalest.
  2119 | D:3      | 2119 ||| DROPPING +2 shortbow of flaming.
  2316 | D:4      | Found a runed translucent door.
  2317 | D:4      | Noticed Crazy Yiuf
  2553 | D:4      | Reached XP level 5. HP: 26/26 MP: 6/6
  2664 | D:4      | Noticed a phantom
  2665 | D:4      | 2665 ||| DRINKING potion of haste.
  2677 | D:4      | Killed a phantom
  2678 | D:4      | Reached skill level 6 in Ranged Weapons
  2784 | D:4      | Reached XP level 6. HP: 30/30 MP: 7/7
  2913 | D:4      | Reached skill level 6 in Dodging
  2957 | D:4      | Found a broken altar of Ashenzari.
  3085 | D:4      | 3085 ||| READING scroll of identify.
  3085 | D:4      | 3085 ||| IDENTIFYING orange potion
  3107 | D:5      | Entered Level 5 of the Dungeon
  3111 | D:5      | 3111 ||| STAIRDANCE
  3123 | D:5      | 3123 ||| STAIRDANCE
  3178 | D:5      | Reached skill level 7 in Ranged Weapons
  3299 | D:5      | Identified the +4 spear of Blood-Lust {drain, rElec rF+
                  | rN+}
  3323 | D:5      | Reached XP level 7. HP: 21/35 MP: 8/8
  3352 | D:5      | Slain by a gnoll sergeant

Levels and vault maps discovered:
D:1:      dpeg_arrival_tiny_a, layout_loops_ring, serial_shops,
          nicolae_shop_back_alley_shop
D:2:      layout_basic, ebering_ecumenical_altar_sacrificial,
          wad_floor_pattern_untrapped
D:3:      layout_loops_corners, nicolae_overflow_quartered_altars,
          nzn_hepliaklqana_mist_gate
D:4:      layout_basic, mainiacjoe_overflow_alcove_4, uniq_crazy_yiuf_cottage
D:5:      layout_loops_ring, okawaru_altar_gauntlet_db,
          mainiacjoe_overflow_swirl

Skill      XL: |  1  2  3  4  5  6 |
---------------+-------------------+-----
Dodging        | 3 4 5 6 |  6.4
Ranged Weapons | 5 6 7 |  7.0
Fighting       | 2 |  2.0
Stealth        | |  1.5

Action                     |  1- 3 |  4- 6 |  7- 9 || total
---------------------------+-------+-------+-------++-------
   Fire: Shortbow          |    93 |    44 |       ||   137
         Arbalest          |       |    88 |    14 ||   102
    Use: Scroll            |     9 |     1 |       ||    10
         Potion            |       |     1 |       ||     1
 Armour: Robe              |    10 |    16 |     3 ||    29
  Dodge: Dodged            |    23 |    47 |    10 ||    80

Table legend:
 A = Non-vault XP
 B = Vault XP
 C = Vault XP percentage of total XP
 D = Non-vault monster count
 E = Vault monster count
 F = Vault count percentage of total count
                 A         B        C        D         E       F
            +---------+---------+-------+---------+---------+-------
      Total |     769 |       0 |   0.0 |      91 |       0 |   0.0
            +---------+---------+-------+---------+---------+-------
        D:1 |      44 |       0 |   0.0 |      25 |       0 |   0.0
        D:2 |      82 |       0 |   0.0 |      18 |       0 |   0.0
        D:3 |      62 |       0 |   0.0 |      19 |       0 |   0.0
        D:4 |     292 |       0 |   0.0 |      17 |       0 |   0.0
        D:5 |     289 |       0 |   0.0 |      12 |       0 |   0.0
            +---------+---------+-------+---------+---------+-------
